 Dungeon Crawl Stone Soup version 0.31-a0-221-gbddc013574 (webtiles) character file.

Game seed: 430507479694432920

102 qw the Shooter (level 4, -1/26 HPs)
             Began as a Gargoyle Hexslinger on July 4, 2023.
             Slain by a phantom (6 damage)
             ... on level 4 of the Dungeon.
             The game lasted 00:00:53 (2791 turns).

qw the Shooter (Gargoyle Hexslinger)                Turns: 2791, Time: 00:00:54

Health: -1/26      AC:  6    Str: 12    XL:     4   Next: 77%
Magic:  5/5        EV: 11    Int: 13    God:
Gold:   168        SH:  0    Dex: 14    Spells: 4/5 levels left

rFire   . . .        Y - +1 sling
rCold   . . .        (no shield)
rNeg    + . .        h - +0 leather armour
rPois   inf          (no helmet)
rElec   +            (no cloak)
rCorr   .            (no gloves)
SInv    .            (no boots)
Will    .....        (no amulet)
Stlth   +            (no ring)
HPRegen 0.24/turn    (no ring)
MPRegen 0.09/turn

%: no passive effects
@: mighty
A: sickness immunity, AC +3, negative energy resistance 1, electricity
resistance, torment resistance 1, petrification resistance
a: no special abilities


You were on level 4 of the Dungeon.
You visited 1 branch of the dungeon, and saw 4 of its levels.

You collected 168 gold pieces.


Innate Abilities, Weirdness & Mutations

You are immune to sickness and miasma.
Your stone body is resilient. (AC +3)
You are immune to poison.
You resist negative energy. (rN+)
You are resistant to electric shocks. (rElec)
You are resistant to unholy torment.
You are immune to petrification.


   Skills:
 - Level 2.0 Fighting
 + Level 4.5 Ranged Weapons
 - Level 1.5 Dodging
 - Level 1.0 Spellcasting
 - Level 2.6 Hexes


You had 4 spell levels left.
You knew the following spells:

 Your Spells              Type           Power      Damage    Failure   Level
a - Slow                  Hex            28%        N/A       12%         1

Your spell library contained the following spells:

 Spells                   Type           Power      Damage    Failure   Level
 Inner Flame              Hex/Fire       4%         N/A       52%         3
 Portal Projectile        Hex/Tloc       8%         N/A       52%         3
 Cause Fear               Hex            3%         N/A       75%         4

Inventory:

Hand Weapons
 Y - a +1 sling (weapon)
Armour
 h - a +0 leather armour (worn)
Jewellery
 d - a ring of fire
Potions
 a - a potion of lignification {unknown}
 b - a potion of mutation {unknown}
 e - a potion of haste {unknown}
 f - a potion of attraction {unknown}
 g - a potion of curing {unknown}
 i - a potion of might

Dungeon Overview and Level Annotations

Branches:
Dungeon (4/15)
 Temple: D:4-7

Altars:
Elyvilon
Sif Muna


Message History

The hound bites you.
The ball python bites you but does no damage.
The ball python grabs you. The ball python constricts you.
You shoot a sling bullet.
The sling bullet closely misses the ball python.
The sling bullet hits the phantom.
The phantom is lightly damaged.
The hound barely misses you. The ball python barely misses you.
The ball python constricts you. The hound barely misses you.
You shoot a sling bullet.
The sling bullet closely misses the ball python.
The hound bites you but does no damage.
The ball python bites you but does no damage.
The ball python constricts you. The hound bites you but does no damage.
The ball python bites you but does no damage.
The ball python constricts you.
You shoot a sling bullet.
The sling bullet barely misses the ball python.
The hound closely misses you. The ball python loses its grip on you.
The hound barely misses you.
You shoot a sling bullet. The sling bullet misses the hound.
The sling bullet hits the ball python but does no damage.
The hound barely misses you. The phantom barely misses you.
The ball python bites you but does no damage.
The ball python grabs you. The ball python constricts you. The hound bites you.
You shoot a sling bullet. The sling bullet hits the ball python.
The ball python is heavily wounded.
The hound bites you but does no damage.
The ball python bites you but does no damage.
The ball python constricts you. The phantom barely misses you.
You shoot a sling bullet. The sling bullet hits the ball python.
You kill the ball python!
The hound bites you. x2; The phantom hits you.
The phantom blinks!
You blink.
Found a stone staircase leading up.
You shoot a sling bullet.
The sling bullet hits the phantom but does no damage.
The phantom is lightly damaged.
The phantom hits you but does no damage.
The hound barely misses you. The phantom hits you.
You die...

..
######...
#....#...
.........
####......
....!..#
##W....#
#..@...#
#.<.#.h..#
....#
#...%# ###
#..ยค.#
#...<#
######


You could see a phantom and a hound.

Vanquished Creatures
  4 adders
  A worm (D:2)
  A dart slug (D:2)
  An orc (D:3)
  11 ball pythons
  5 endoplasms
  4 giant cockroaches
  6 goblins
  3 hobgoblins (D:1)
  4 jackals (D:2)
  3 quokkas
  4 bats
  5 frilled lizards
  4 kobolds
  A rat (D:1)
57 creatures vanquished.

Notes
Turn   | Place    | Note
-------+----------+-------------------------------------------
     0 | D:1      | qw the Gargoyle Hexslinger began the quest for the Orb.
     0 | D:1      | Reached XP level 1. HP: 12/12 MP: 2/2
     0 | D:1      | 0 ||| qw: Version: 0.3-a-41-g9d075ac
     0 | D:1      | 0 ||| qw: Game counter: 786
     0 | D:1      | 0 ||| qw: Melee chars always use a shield: true
     0 | D:1      | 0 ||| qw: God list: Okawaru
     0 | D:1      | 0 ||| qw: Allow faded altars: false
     0 | D:1      | 0 ||| qw: Do Orc after clearing Dungeon:15 true
     0 | D:1      | 0 ||| qw: Do second Lair branch before Depths: true
     0 | D:1      | 0 ||| qw: Lair rune preference: random
     0 | D:1      | 0 ||| qw: Goals: Normal
     0 | D:1      | 0 ||| PLANNING D:1-11
   135 | D:1      | Reached XP level 2. HP: 16/16 MP: 3/3
   237 | D:1      | Reached skill level 3 in Ranged Weapons
   698 | D:1      | Reached XP level 3. HP: 19/21 MP: 4/4
   739 | D:1      | 739 ||| UPGRADING to +0 leather armour.
   749 | D:1      | 749 ||| DROPPING +0 robe.
   750 | D:1      | 750 ||| READING 2 scrolls labelled KAQIRREEDUNAL.
   751 | D:1      | 751 ||| READING scroll labelled NEACVA QAFUWK.
   752 | D:1      | 752 ||| DROPPING scroll of fear.
   753 | D:1      | 753 ||| DROPPING scroll of poison.
  1387 | D:2      | Reached XP level 4. HP: 26/26 MP: 5/5
  1510 | D:2      | Reached skill level 4 in Ranged Weapons
  1730 | D:2      | 1730 ||| READING scroll labelled VEAXZO VUABRAR.
  1731 | D:2      | 1731 ||| READING scroll labelled FOSUTUQ DUO.
  2288 | D:3      | Found a shimmering blue altar of Sif Muna.
  2433 | D:3      | Found a white marble altar of Elyvilon.
  2534 | D:3      | Found a faded altar of an unknown god.
  2747 | D:3      | 2747 ||| DRINKING 2 lumpy dark potions.
  2778 | D:4      | 2778 ||| PLANNING SEWER
  2781 | D:4      | Noticed a phantom
  2790 | D:4      | HP: 4/26 [phantom (4)]
  2791 | D:4      | Slain by a phantom

Levels and vault maps discovered:
D:1:      dpeg_arrival_chambers_temple_mockup, layout_loops_ring
D:2:      minmay_alternating_diamond, layout_basic,
          chequers_serial_rivers_room_a, kennysheep_pointless_box, minivault_26
D:3:      layout_basic, general_overflow_altar, nicolae_overflow_hidden_temple,
          shapermc_ecumenical_altar_hornbeckon
D:4:      layout_rooms, portal_sewer_entry_a, uniq_menkaure

Skill      XL: |  1  2  3  4 |
---------------+-------------+-----
Ranged Weapons | 3 4 |  4.5
Fighting       | 2 |  2.0
Dodging        | |  1.5
Spellcasting   | |  1.0
Hexes          | |  2.6

Action                     |  1- 3 |  4- 6 || total
---------------------------+-------+-------++-------
   Fire: Sling             |   139 |    93 ||   232
    Use: Scroll            |     2 |     2 ||     4
         Potion            |       |     1 ||     1
 Armour: Robe              |    14 |       ||    14
         Leather armour    |    22 |    41 ||    63
  Dodge: Dodged            |    44 |    49 ||    93

Table legend:
 A = Non-vault XP
 B = Vault XP
 C = Vault XP percentage of total XP
 D = Non-vault monster count
 E = Vault monster count
 F = Vault count percentage of total count
                 A         B        C        D         E       F
            +---------+---------+-------+---------+---------+-------
      Total |     136 |      10 |   6.8 |      51 |       6 |  10.5
            +---------+---------+-------+---------+---------+-------
        D:1 |      34 |       0 |   0.0 |      20 |       0 |   0.0
        D:2 |      48 |      10 |  17.2 |      19 |       6 |  24.0
        D:3 |      52 |       0 |   0.0 |      11 |       0 |   0.0
        D:4 |       2 |       0 |   0.0 |       1 |       0 |   0.0
            +---------+---------+-------+---------+---------+-------
